Map: Acropolis LE

Players

LiquidMaNa (MaNa)

  • Race: Protoss Protoss
  • League: Grandmaster
  • Spawn Location: 11:00

DPGPartinG (PartinG) - Winner!

  • Race: Protoss Protoss
  • Spawn Location: 5:00

Event: HomeStory Cup XX

VOD

Have the link to the VOD?

Description

Time

  • Played on: Nov. 21, 2019, 12:17 p.m.
  • Length: 5:48

All games in this series

Show
View Real Time Build Order
Export as new Build Order

LiquidMaNa Protoss 

Build Orders: Oracle Opening 

Get SALT Encoding   

  12  0:00  Probe  
  13  0:12  Probe  
  14  0:17  Pylon  
  14  0:24  Probe  
  15  0:32  Probe  
  15  0:37  Gateway  
  15  0:42  Assimilator, Probe  
  17  0:51  Assimilator  
  17  0:54  Probe  
  18  1:02  Probe  
  18  1:07  Gateway  
  18  1:10  Probe  
  20  1:23  Cybernetics Core  
  20  1:27  Probe  
  21  1:39  Probe  
  22  1:41  Pylon  
  22  1:51  Probe  
  23  1:59  Stargate  
  25  2:11  Stalker  
  25  2:13  Stalker  
  27  2:16  Probe  
  28  2:25  Pylon  
  28  2:28  Probe  
  29  2:36  Oracle  
  29  2:40  Probe  
  33  2:52  Probe  
  34  2:59  Stalker  
  36  3:08  Pylon  
  36  3:09  Oracle  
  40  3:37  Probe  
  40  3:39  Shield Battery  
  37  3:49  Void Ray  
  37  3:53  Probe  
  25  4:34  Void Ray  
  15  5:16  Shield Battery  
Show
View Real Time Build Order
Export as new Build Order

DPGPartinG Protoss - Winner!

Build Orders:  

Get SALT Encoding   

  12  0:00  Probe  
  13  0:12  Probe  
  14  0:17  Pylon  
  14  0:24  Probe  
  15  0:32  Probe  
  15  0:36  Gateway  
  15  0:40  Probe  
  16  0:46  Assimilator  
  17  0:51  Probe  
  17  0:53  Assimilator  
  18  0:59  Probe  
  19  1:06  Gateway  
  19  1:07  Probe  
  19  1:17  Probe  
  20  1:23  Cybernetics Core  
  21  1:29  Probe  
  22  1:34  Pylon  
  22  1:41  Probe  
  24  2:00  Warp Gate, Robotics Facility, Stalker  
  25  2:08  Stalker  
  27  2:11  Probe  
  28  2:18  Pylon  
  28  2:38  Immortal  
  28  2:40  Stalker x2  
  35  3:01  Pylon  
  35  3:09  Warp Prism  
  37  3:25  Stargate  
  35  3:57  Stalker x2  
  21  4:24  Stalker x2  
  21  4:53  Stalker  
  23  5:06  Probe  
  24  5:15  Probe  
Tags
 
Add a new tag
Caveats
  • Supply blocks, unpowered buildings, or Contaminate may cause inaccurate times.
  • Supply counts are checked every 10 seconds.